 Dungeon Crawl Stone Soup version 0.17.0-28-g6e173f8 (webtiles) character file.

847 M4edhros the Sneak (level 8, 0/48 HPs)
             Began as an Octopode Artificer on Nov 29, 2015.
             Slain by Duvessa
             ... wielding a +4 short sword of flaming
              (1 damage)
             ... on level 6 of the Dungeon.
             The game lasted 00:08:30 (3843 turns).

M4edhros the Sneak (Octopode Artificer)             Turns: 3843, Time: 00:08:30

Health: 0/48       AC:  5    Str: 11 (12) XL:     8   Next: 1%
Magic:  12/12      EV:  9    Int: 16      God:    Xom [.*....]
Gold:   240        SH:  6    Dex: 13      Spells: 2 memorised, 2 levels left

rFire  + . .     SeeInvis .     g - +2 hunting sling
rCold  . . .     Rnd*Rage +     f - +0 shield
rNeg   . . .     SustAt   .     (helmet restricted)
rPois  .         Gourm    .     j - amulet of rage
rElec  .         Spirit   .     r - ring of protection from fire
rCorr  .         Warding  .     (no ring)
rMut   .         Stasis   .     (no ring)
MR     .....                    (no ring)
Stlth  +++++.....               (no ring)
                                (no ring)
                                (no ring)
                                (no ring)

@: starving, not resistant to hostile enchantments, quite stealthy
A: almost no armour, amphibious, 8 rings, constrict 8, iridescent scales 1,
camouflage 1, berserk 1, deterioration 1, strong 1, gelatinous body 1
a: Renounce Religion, Evoke Berserk Rage


You were on level 6 of the Dungeon.
You worshipped Xom.
You were a plaything of Xom.
You were starving.

You visited 1 branch of the dungeon, and saw 6 of its levels.

You collected 240 gold pieces.

Inventory:

Hand Weapons
 a - a +0 short sword
 g - a +2 hunting sling (weapon)
Missiles
 h - 13 sling bullets
 s - 9 stones (quivered)
Armour
 f - a +0 shield (worn)
Jewellery
 j - an amulet of rage (around mantle)
 r - a ring of protection from fire (left tentacle)
Wands
 b - a wand of flame (2)
 c - a wand of enslavement (12)
 d - a wand of random effects (8)
 u - a wand of fireball (8)
Scrolls
 k - 3 scrolls of teleportation
 m - a scroll of immolation {unknown}
 p - a scroll of amnesia
 t - a scroll of fog {unknown}
Potions
 e - 3 potions of heal wounds
 l - a potion of lignification
 o - 2 potions of cure mutation {unknown}
 q - a potion of poison {unknown}
Books
 i - Xom's Catalogue of Altruism
   (Xom gifted it to you on level 5 of the Dungeon)

   Spells                             Type                      Level
   a - Swiftness                      Charms/Air                   2
   b - Sublimation of Blood           Necromancy                   2
   c - Regeneration                   Charms/Necromancy            3
   d - Bolt of Draining               Conjuration/Necromancy       5
   e - Ring of Flames                 Charms/Fire                  7


   Skills:
 - Level 1.0 Fighting
 - Level 1.0 Short Blades
 * Level 6.0 Slings
 - Level 2.0 Dodging
 + Level 6.5 Stealth
 + Level 5.6 Evocations


You had 2 spell levels left.
You knew the following spells:

 Your Spells              Type           Power        Failure   Level  Hunger
a - Regeneration          Chrm/Necr      #.........   100%        3    ####...
b - Swiftness             Chrm/Air       #.......     100%        2    ###....


Dungeon Overview and Level Annotations

Branches:
Dungeon (6/15)
 Temple: D:4-7

Altars:
Ashenzari
Elyvilon
Kikubaaqudgha
Sif Muna
Trog
Xom
The Shining One

Annotations:
D:6 Dowan, Duvessa


Innate Abilities, Weirdness & Mutations

You cannot wear most types of armour.
You are amphibious.
You can wear up to eight rings at the same time.
You can use your tentacles to constrict eight enemies at once.
Your skin changes colour to match your surroundings (Stealth).
Your rubbery body absorbs attacks (AC +1).
You are partially covered in iridescent scales (AC +4).
You tend to lose your temper in combat.
Your body sometimes deteriorates upon taking damage.
Your muscles are strong. (Str +2)


Message History

Dowan gestures at you while chanting. The puff of flame hits you! You resist.
Duvessa hits you with a short sword of flaming.
There is a stone staircase leading up, spattered with blood here.
You see here an arrow.
Evoke which item? (* to show all) (? for menu, Esc to quit)
Zapping:
c - a wand of enslavement (13)
Press: ? - help, Shift-Dir - straight line, f - Duvessa
Aim: Duvessa, wielding a short sword of flaming and wearing a scale mail (chance to defeat MR: 40%) Duvessa resists with some effort.
This wand has 12 charges left.
The centaur shouts!
Dowan smirks and points a slender finger.
The centaur shoots an arrow.
The arrow hits you!
* * * LOW HITPOINT WARNING * * *
Your body deteriorates!
You feel weakened.
Duvessa hits you with a short sword of flaming!
* * * LOW HITPOINT WARNING * * *
Duvessa burns you.
You die...
Xom titters!

...........$...
...............
...............
...............
...............
...............
...............
....e..@e......
...............
...............
...............
............c..
...............
...............
...............


You could see Duvessa, Dowan and a centaur.

Vanquished Creatures
  The ghost of M4edhros the Sneak, a novice OpAr (D:5)
  Menkaure (D:5)
  A sky beast (D:5)
  2 ogres (D:4)
  A crimson imp (D:5)
  A giant frog zombie (D:5)
  An orc priest (D:5)
  3 orc wizards
  2 worker ants (D:4)
  3 adders
  An ooze (D:1)
  A worm (D:3)
  6 orcs
  6 goblins (D:1)
  A hobgoblin (D:1)
  3 jackals (D:5)
  2 quokkas
  A ball python (D:4)
  A bat (D:2)
  3 giant newts
  7 kobolds
  6 rats (D:1)
54 creatures vanquished.

Vanquished Creatures (collateral kills)
  Sigmund (D:4)
  A hound (D:4)
  An adder (D:5)
  A giant gecko (D:4)
  A ball python (D:4)
5 creatures vanquished.

Vanquished Creatures (others)
  A jelly (D:5)
  An adder (D:2)
2 creatures vanquished.

Grand Total: 61 creatures vanquished

Notes
Turn   | Place    | Note
--------------------------------------------------------------
     0 | D:1      | M4edhros the Octopode Artificer began the quest for the Orb.
     0 | D:1      | Reached XP level 1. HP: 13/13 MP: 3/3
   149 | D:1      | Reached XP level 2. HP: 18/18 MP: 4/4
   414 | D:1      | Reached skill level 1 in Slings
   767 | D:2      | Reached XP level 3. HP: 23/23 MP: 5/5
   815 | D:2      | Found a shattered altar of Ashenzari.
   844 | D:2      | Found a glowing golden altar of the Shining One.
  1345 | D:4      | Noticed an ogre
  1352 | D:4      | Killed an ogre
  1352 | D:4      | Reached skill level 4 in Evocations
  1352 | D:4      | Reached XP level 4. HP: 23/28 MP: 5/7
  1352 | D:4      | Reached XP level 5. HP: 27/33 MP: 5/8
  1644 | D:4      | Found a white marble altar of Elyvilon.
  1679 | D:4      | Noticed Sigmund
  1685 | D:4      | Noticed an ogre
  1710 | D:4      | Killed Sigmund
  1710 | D:4      | Reached XP level 6. HP: 36/38 MP: 9/9
  1727 | D:4      | Killed an ogre
  2139 | D:4      | Found an ancient bone altar of Kikubaaqudgha.
  2198 | D:5      | Entered Level 5 of the Dungeon
  2198 | D:5      | Found a deep blue altar of Sif Muna.
  2344 | D:5      | Noticed M4edhros's ghost (novice OpAr)
  2787 | D:5      | Noticed Menkaure
  2801 | D:5      | Killed M4edhros's ghost
  2801 | D:5      | Reached skill level 5 in Stealth
  2801 | D:5      | Reached skill level 5 in Evocations
  2801 | D:5      | Reached XP level 7. HP: 19/43 MP: 10/10
  2808 | D:5      | Killed Menkaure
  2808 | D:5      | Reached skill level 5 in Slings
  3016 | D:5      | Found a shimmering altar of Xom.
  3038 | D:5      | Became a worshipper of Xom of Chaos
  3112 | D:5      | Noticed a moth of wrath
  3115 | D:5      | XOM: divination: detect items
  3213 | D:6      | XOM: noise
  3213 | D:6      | Noticed Duvessa
  3213 | D:6      | Noticed Dowan
  3215 | D:6      | XOM: potion effect (might)
  3223 | D:5      | XOM: god gift: conspicuous book {god gift}
  3224 | D:5      | Identified Xom's Catalogue of Altruism (Xom gifted it to you on level 5 of the Dungeon)
  3229 | D:5      | Learned a level 3 spell: Regeneration
  3232 | D:5      | Learned a level 2 spell: Swiftness
  3393 | D:5      | XOM: fake destruction
  3397 | D:5      | Reached skill level 6 in Stealth
  3545 | D:5      | Gained mutation: Your body sometimes deteriorates upon taking damage. [mutagenic meat]
  3546 | D:5      | Gained mutation: You are partially covered in iridescent scales (AC +4). [mutagenic meat]
  3547 | D:5      | Gained mutation: You are clumsy. (Dex -2) [mutagenic meat]
  3548 | D:5      | Gained mutation: You tend to lose your temper in combat. [mutagenic meat]
  3549 | D:5      | Gained mutation: Your muscles are strong. (Str +2) [mutagenic meat]
  3550 | D:5      | Lost mutation: You are clumsy. (Dex -2) [mutagenic meat]
  3626 | D:5      | Found a bloodstained altar of Trog.
  3626 | D:5      | XOM: 6-stop teleportation journey
  3752 | D:5      | XOM: silly message
  3778 | D:5      | XOM: vitrification
  3824 | D:5      | XOM: enchant monster (bad)
  3839 | D:5      | Reached XP level 8. HP: 21/48 MP: 12/12
  3843 | D:6      | HP: 1/48 [Duvessa/short sword of flaming (10)]
  3843 | D:6      | Slain by Duvessa

Action                   |  1- 3 |  4- 6 |  7- 9 || total
-------------------------+-------+-------+-------++-------
Melee: Short sword       |     2 |       |       ||     2
       Hunting sling     |     2 |    28 |    15 ||    45
 Fire: Hunting sling     |    87 |    60 |    38 ||   185
Evoke: Wand              |     4 |     9 |    10 ||    23
  Use: Scroll            |     5 |       |     2 ||     7
       Potion            |       |     2 |     1 ||     3
 Stab: Sleeping          |     1 |       |       ||     1
  Eat: Chunk             |     1 |     1 |     6 ||     8
       Bread ration      |       |     1 |       ||     1
